 Dungeon Crawl Stone Soup version 0.22-a0-419-g492bfec (webtiles) character file.

989 dstrtnsr the Grappler (level 7, 0/67 HPs)
             Began as a Troll Fighter on May 15, 2018.
             Was a Follower of Ru.
             Slain by an orc
             ... wielding a +0 flail
              (3 damage)
             ... on level 6 of the Dungeon.
             The game lasted 00:03:13 (2357 turns).

dstrtnsr the Grappler (Troll Fighter)               Turns: 2357, Time: 00:03:14

Health: 0/67       AC:  5    Str: 27    XL:     7   Next: 98%
Magic:  6/6        EV:  8    Int:  4    God:    Ru [*.....]
Gold:   210        SH: 14    Dex:  9    Spells: 6/6 levels left

rFire    . . .     SeeInvis .     - Unarmed
rCold    . . .     Gourm    +   b - +0 shield
rNeg     . . .     Faith    .   a - +0 robe
rPois    +         Spirit   .   (helmet restricted)
rElec    .         Reflect  +   (no cloak)
rCorr    .         Harm     .   (gloves unavailable)
MR       .....                  (boots unavailable)
Stlth    ++........             o - +5 amulet of reflection
HPRegen  0.61/turn              p - ring of poison resistance
MPRegen  0.10/turn              l - ring of stealth

@: no status effects
A: large, unfitting armour, claws 3, fast metabolism 3, gourmand, regeneration
1, shaggy fur 1, tough skin 2, missing an eye
a: Renounce Religion


You were on level 6 of the Dungeon.
You worshipped Ru.
Ru was aware of your devotion.
You were very full.

You visited 2 branches of the dungeon, and saw 7 of its levels.

You collected 210 gold pieces.

Inventory:

Armour
 a - a +0 robe (worn)
 b - a +0 shield (worn)
Jewellery
 l - a ring of stealth (right claw)
 o - a +5 amulet of reflection (around neck)
 p - a ring of poison resistance (left claw)
Scrolls
 c - 3 scrolls of identify {@r1}
 d - 2 scrolls of amnesia {unknown}
 g - a scroll of fear {unknown}
 h - a scroll of remove curse {@r2}
 q - a scroll of blinking {unknown}
Potions
 f - a potion of invisibility
 i - a potion of brilliance {unknown}
 j - a potion of mutation {unknown}
 k - a potion of might
 m - 3 potions of lignification
 n - 2 potions of degeneration
 r - a potion of agility {unknown}
Comestibles
 e - 12 rations {!d}


   Skills:
 + Level 3.1 Fighting
 - Level 2.6 Dodging
 + Level 3.1 Shields
 * Level 8.7 Unarmed Combat


You had 6 spell levels left.
You didn't know any spells.
Your spell library was empty.

Dungeon Overview and Level Annotations

Branches:
Dungeon (6/15)             Temple (1/1) D:4

Altars:
Ashenzari
Cheibriados
Dithmenos
Elyvilon
Fedhas
Gozag
Hepliaklqana
Kikubaaqudgha
Makhleb
Nemelex Xobeh
Okawaru
Qazlal
Ru
Sif Muna
Trog
Uskayaw
Vehumet
Wu Jian
Xom
Yredelemnul
Zin
The Shining One


Innate Abilities, Weirdness & Mutations

You are too large for most types of armour.
You have claws for hands.
Your metabolism is lightning-fast.
You like to eat raw meat.
Your natural rate of healing is unusually fast.
You are covered in fur. (AC +1)
You have very tough skin. (AC +2)
You are missing an eye, making it more difficult to aim.


Message History

This is a significant sacrifice.
Piety after sacrifice: *.....
Do you really want to make this sacrifice?
Your right eye vanishes!
The world loses its depth.
You exude an aura of power that intimidates your foes.
Found a stone staircase leading down.
An orc wizard comes into view. It is wielding a dagger of venom.
The orc wizard points at you and mumbles some strange words.
The magic dart hits you!
An orc wizard is nearby!
An orc wizard is nearby!
An orc wizard is nearby!
An orc wizard is nearby!
The orc wizard casts a spell.
The orc wizard blinks!
There is a stone staircase leading down here.
You scratch the orc wizard but do no damage.
The orc wizard hits you with a dagger of venom.
You barely miss the orc wizard. You closely miss the orc wizard.
You block the orc wizard's attack.
You scratch the orc wizard.
The orc wizard is moderately wounded.
The orc wizard hits you with a dagger of venom.
You closely miss the orc wizard.
The orc wizard is moderately wounded.
The orc wizard hits you with a dagger of venom.
You miss the orc wizard.
The orc wizard is moderately wounded.
The orc wizard points at you and mumbles some strange words.
The magic dart hits you!
You miss the orc wizard.
The orc wizard is moderately wounded.
You block the orc wizard's attack.
You miss the orc wizard.
The orc wizard is moderately wounded.
The orc wizard gestures wildly while chanting.
The orc wizard blinks!
An orc comes into view. It is wielding a hand axe.
The orc wizard points at you and mumbles some strange words.
The magic dart hits you!
You miss the orc wizard.
The orc wizard is moderately wounded.
The orc shouts!
You hear a shout!
You block the orc wizard's attack.
You scratch the orc wizard.
The orc wizard is heavily wounded.
You closely miss the orc wizard.
The orc wizard is heavily wounded.
The orc wizard closely misses you.
An orc comes into view. It is wielding a trident.
You mangle the orc wizard!!
You kill the orc wizard!
An orc priest comes into view. It is wielding a flail.
An orc comes into view. It is wielding a flail.
Things that are here:
a dagger of venom; a robe; an orc corpse You block the orc's attack.
You scratch the orc but do no damage.
The orc hits you from afar with a trident.
You block the orc's attack.
You miss the orc. You block the orc's attack. x2
You barely miss the orc priest. You block the orc's attack.
You block the orc priest's attack. The orc hits you with a hand axe.
You closely miss the orc priest.
The orc hits you from afar with a trident.
You barely miss the orc priest. The orc hits you with a hand axe.
The orc priest invokes the aid of Beogh against you.
Beogh smites you!
There are monsters nearby!
You are too injured to fight recklessly!
You are too injured to fight recklessly!
You are too injured to fight recklessly!
You are too injured to fight recklessly!
You are too injured to fight recklessly!
You barely miss the orc priest. You block the orc's attack. x2
The orc hits you with a flail. The orc priest barely misses you.
The orc barely misses you. The orc hits you but does no damage.
You scratch the orc but do no damage. The orc hits you with a flail.
* * * LOW HITPOINT WARNING * * *
You redirect the orc's attack!
The orc barely misses the orc.
The orc priest barely misses you. You block the orc's attack.
You scratch the orc but do no damage. The orc hits you but does no damage.
You block the orc's attack.
You mangle the orc!!
You kill the orc!
You block the orc's attack. The orc priest closely misses you.
Unknown command.
You barely miss the orc priest. The orc hits you with a flail.
* * * LOW HITPOINT WARNING * * *
You block the orc's attack. The orc priest barely misses you.
You miss the orc priest. The orc hits you with a flail.
* * * LOW HITPOINT WARNING * * *
You block the orc's attack.
The orc priest mumbles some strange prayers to Beogh against you.
Beogh smites you!
* * * LOW HITPOINT WARNING * * *
You claw the orc priest!
The orc priest is severely wounded.
You block the orc's attack. The orc hits you with a flail.
You die...

##########
#........##.
.#
#........##.#
#.#
#........# ..
#.#
#........#
#.##.#
#........#
..#.#
#..†.<...#
#.#.#
#.....)..#
#o).#
#####'####
#@o# #.# #o.#
#.# #.)# #.#
#..# #.#
#######># #.#
#.....#.#
#.###.###.#.#
#.....# #.#.#
#########.#.#


You could see an orc priest and 2 orcs.

Vanquished Creatures
  Sigmund (D:5)
  A phantom (D:4)
  A black bear (D:6)
  2 ogres
  A bullfrog (D:4)
  A crimson imp (D:5)
  A bullfrog zombie (D:5)
  A bullfrog skeleton (D:5)
  3 orc wizards
  An orc priest (D:4)
  Terence (D:2)
  2 worker ants (D:5)
  3 gnolls (D:5)
  3 adders
  A shadow imp (D:5)
  An ooze (D:5)
  2 worms (D:2)
  A dart slug (D:3)
  16 orcs
  3 bats
  4 giant cockroaches
  3 goblins
  3 hobgoblins
  10 jackals
  3 frilled lizards
  6 kobolds
  5 rats
80 creatures vanquished.

Notes
Turn   | Place    | Note
-------+----------+-------------------------------------------
     0 | D:1      | dstrtnsr the Troll Fighter began the quest for the Orb.
     0 | D:1      | Reached XP level 1. HP: 22/22 MP: 0/0
   238 | D:2      | Reached XP level 2. HP: 27/29 MP: 1/1
   326 | D:2      | Reached XP level 3. HP: 36/36 MP: 2/2
   518 | D:2      | Noticed Terence
   545 | D:2      | Killed Terence
   545 | D:2      | Reached skill level 3 in Unarmed Combat
   594 | D:3      | Reached XP level 4. HP: 44/44 MP: 3/3
   811 | D:3      | Reached skill level 4 in Unarmed Combat
   850 | D:4      | Noticed a bullfrog
   859 | D:4      | Killed a bullfrog
   859 | D:4      | Reached XP level 5. HP: 43/50 MP: 4/4
   955 | D:4      | Reached skill level 5 in Unarmed Combat
  1023 | D:4      | Found a staircase to the Ecumenical Temple.
  1087 | Temple   | Entered the Ecumenical Temple
  1353 | Temple   | Became a worshipper of Ru the Awakened
  1373 | D:4      | Noticed a phantom
  1381 | D:4      | Killed a phantom
  1381 | D:4      | Reached skill level 6 in Unarmed Combat
  1381 | D:4      | Reached XP level 6. HP: 58/59 MP: 5/5
  1715 | D:5      | Entered Level 5 of the Dungeon
  1758 | D:5      | Reached skill level 7 in Unarmed Combat
  1771 | D:5      | Reached XP level 7. HP: 64/66 MP: 6/6
  1864 | D:5      | Noticed Sigmund
  1875 | D:5      | Killed Sigmund
  1875 | D:5      | Reached skill level 8 in Unarmed Combat
  1985 | D:5      | Found a hide-covered altar of Uskayaw.
  2315 | D:6      | Gained mutation: You are missing an eye, making it more difficult to aim. [Ru sacrifice]
  2315 | D:6      | Reached * piety under Ru
  2351 | D:6      | HP: 22/67 [orc/flail (6)]
  2356 | D:6      | HP: 13/67 [orc/flail (6)]
  2356 | D:6      | HP: 3/67 [orc priest/divine providence (10)]
  2357 | D:6      | Slain by an orc

Vault maps used:
D:1:      denvon_arrival_planthouse, minmay_misc_feat_five, roderic_malta_cross,
          minmay_stone_trees_medium
D:2:      cheibrodos_old_hovel, first_ration, uniq_terence
D:3:      serial_glass, glass_columns_b, glass_columns_c, glass_columns_b,
          glass_columns_a, glass_columns_a, glass_columns_b, glass_columns_c,
          glass_columns_b, glass_columns_b, glass_columns_a,
          corexii_hall_statues_i
D:4:      minmay_temple_entry_mist, serial_shops, kennysheep_little_box
D:5:      eat_drink_and_be_merry_uskayaw, uniq_sigmund
D:6:      basic_altar
Temple:   roderic_octagonal_lattice_temple

Skill      XL: |  1  2  3  4  5  6  7 |
---------------+----------------------+-----
Unarmed Combat | 3 4 6 7 8 |  8.7
Fighting       | 3 |  3.1
Shields        | 3 |  3.1
Dodging        | |  2.6

Action                   |  1- 3 |  4- 6 |  7- 9 || total
-------------------------+-------+-------+-------++-------
Melee: Unarmed           |    98 |   100 |    76 ||   274
Invok: Sacrifice an Eye  |       |       |     1 ||     1
  Use: Scroll            |       |       |     4 ||     4
       Potion            |       |       |     1 ||     1
 Stab: Sleeping          |       |     1 |     1 ||     2
  Eat: Chunk             |     9 |    10 |     7 ||    26
Armor: Robe              |    25 |    20 |    11 ||    56
Dodge: Dodged            |    32 |    31 |    14 ||    77
Block: Shield            |    41 |    38 |    45 ||   124

Table legend:
 A = Spawn XP
 B = Non-spawn XP
 C = Spawn XP percentage of total XP
 D = Spawn monster count
 E = Non-spawn monster count
 F = Spawn count percentage of total count
 G = Total turns spent on level
                    A         B        C        D         E        F      G
               +---------+---------+-------+---------+---------+-------+---------
         Total |       0 |    1413 |   0.0 |       0 |      80 |   0.0 |  2357
               +---------+---------+-------+---------+---------+-------+---------
           D:1 |       0 |       5 |   0.0 |       0 |       4 |   0.0 |   210
           D:2 |       0 |      91 |   0.0 |       0 |      23 |   0.0 |   365
           D:3 |       0 |      40 |   0.0 |       0 |      13 |   0.0 |   264
           D:4 |       0 |     503 |   0.0 |       0 |      21 |   0.0 |   595
           D:5 |       0 |     489 |   0.0 |       0 |      15 |   0.0 |   543
           D:6 |       0 |     285 |   0.0 |       0 |       4 |   0.0 |    99
               +---------+---------+-------+---------+---------+-------+---------
